 Dungeon Crawl Stone Soup version 0.20.1-1-g8b1a95d (webtiles) character file.

2407 Mellonil the Grappler (level 9, 0/87 HPs)
             Began as a Troll Wizard on Aug 22, 2017.
             Was a Follower of Okawaru.
             Slain by a killer bee (3 damage)
             ... on level 8 of the Dungeon.
             The game lasted 00:43:46 (6587 turns).

Mellonil the Grappler (Troll Wizard)                Turns: 6587, Time: 00:43:48

Health: 0/87       AC:  7    Str: 20    XL:     9   Next: 23%
Magic:  0/11       EV: 11    Int: 16    God:    Okawaru [*.....]
Gold:   133        SH:  0    Dex:  8    Spells: 9/12 levels left

rFire    . . .     SeeInvis .     - Unarmed
rCold    . . .     Gourm    +   (no shield)
rNeg     . . .     Faith    .   u - +1 robe "Atogh" {Int+2} (curse)
rPois    .         Spirit   .   b - +1 hat
rElec    .         Reflect  .   (no cloak)
rCorr    .         Harm     .   (gloves unavailable)
MR       .....                  (boots unavailable)
Stlth    +.........             e - amulet of magic regeneration
Regen    0.7/turn               A - ring of flight
MPRegen  0.2/turn               (no ring)

@: lethally poisoned (0 -> -2), very slightly contaminated, drained
A: unfitting armour, claws 3, fast metabolism 3, gourmand, regeneration 1,
shaggy fur 1, tough skin 2
a: Heroism, Renounce Religion, Evoke Flight


You were on level 8 of the Dungeon.
You worshipped Okawaru.
Okawaru was aware of your devotion.
You were hungry.

You visited 2 branches of the dungeon, and saw 9 of its levels.

You collected 269 gold pieces.
You spent 136 gold pieces at shops.

Inventory:

Hand Weapons
 g - a +0 falchion
Missiles
 l - 129 stones (quivered)
Armour
 b - a +1 hat (worn)
 u - the cursed +1 robe "Atogh" (worn) {Int+2}
   (You bought it in a shop on level 4 of the Dungeon)

   It affects your intelligence (+2).
   It has a curse placed upon it.
Jewellery
 e - an amulet of magic regeneration (around neck)
 A - a ring of flight (left claw)
Wands
 i - a wand of polymorph (7/24)
 o - a wand of lightning (12/15)
 r - a wand of random effects (16/48)
 t - a wand of polymorph (14/24)
 w - a wand of acid (8/15)
 x - a wand of confusion (36/48)
 y - a wand of polymorph (13/24)
Scrolls
 j - 2 scrolls of amnesia
 n - a scroll of magic mapping
 C - a scroll of recharging
Potions
 a - a potion of might
 k - a potion of resistance
 m - 2 potions of brilliance {unknown}
 p - a potion of curing
 q - a potion of lignification {unknown}
 s - a potion of cancellation {unknown}
 v - a potion of agility {unknown}
 z - a potion of degeneration {unknown}
 B - 2 potions of mutation {unknown}
Books
 c - a book of Minor Magic

   Spells                             Type                      Level
   a - Magic Dart                     Conjuration                  1
   b - Blink                          Translocation                2
   c - Call Imp                       Summoning                    2
   d - Slow                           Hexes                        2
   e - Conjure Flame                  Conjuration/Fire             3
   f - Mephitic Cloud                 Conjuration/Poison/Air       3
Comestibles
 d - 7 bread rations
 f - 4 meat rations
 h - a royal jelly


   Skills:
 + Level 4.9(4.0) Fighting
 + Level 5.3(4.3) Dodging
 - Level 1.0(0.1) Stealth
 * Level 8.8(7.8) Unarmed Combat
 - Level 2.0(1.1) Spellcasting
 - Level 0.6(0.0) Conjurations
   Level 0.6(0.0) Summonings
 - Level 0.6(0.0) Translocations


You had 9 spell levels left.
You knew the following spells:

 Your Spells              Type           Power        Failure   Level  Hunger
a - Magic Dart            Conj           #...         22%         1    ##.....
b - Blink                 Tloc           N/A          34%         2    ###....


Dungeon Overview and Level Annotations

Branches:
Dungeon (8/15)             Temple (1/1) D:7
   Lair: D:8-11

Altars:
Ashenzari
Cheibriados
Dithmenos
Elyvilon
Fedhas
Gozag
Hepliaklqana
Kikubaaqudgha
Makhleb
Nemelex Xobeh
Okawaru
Qazlal
Ru
Sif Muna
Trog
Uskayaw
Vehumet
Xom
Yredelemnul
Zin
The Shining One

Shops:
D:4 *[

Annotations:
D:4 dscm's ghost, amateur GrGl


Innate Abilities, Weirdness & Mutations

You are too large for most types of armour.
You have claws for hands.
Your metabolism is lightning-fast.
You like to eat raw meat.
Your natural rate of healing is unusually fast.
You are covered in fur. (AC +1)
You have very tough skin. (AC +2)


Message History

The killer bee stings you but does no damage.
The killer bee stings you.
* * * LOW HITPOINT WARNING * * *
You are more poisoned.
The killer bee poisons you!
The killer bee stings you but does no damage.
The killer bee closely misses you.
The orc warrior hits you with a hand axe.
* * * LOW HITPOINT WARNING * * *
The bullfrog skeleton hits you.
* * * LOW HITPOINT WARNING * * *
The bullfrog completely misses you.
An orc comes into view.
Casting: Blink
Confirm with . or Enter, or press ? or * to list all spells.
You miscast Blink.
Strange energies run through your body.
You feel sick. The killer bee barely misses you. The killer bee stings you.
* * * LOW HITPOINT WARNING * * *
The killer bee stings you.
You die...

...........####
######'#.....#
#...#.....#
#...#.....# #
#...#.....# #.
##'##.....#
###..###.########
......yyF....#
......y@y....#
......Zoy....#
.......oo....#
.............#
##...###.###+#
#... o# #.. .o
#.. ..


You could see an orc warrior, a bullfrog, 5 killer bees, an orc priest, 3 orcs
and a bullfrog skeleton.

Vanquished Creatures
  A hungry ghost (D:7)
  4 sky beasts
  A phantom (D:6)
  A centaur (D:7)
  5 bullfrogs
  A wyvern zombie (D:7)
  A scorpion (D:4)
  7 killer bees
  4 wights (D:7)
  An electric eel (D:7)
  3 crimson imps
  3 jellies
  A hound (D:4)
  Natasha (thrice) (D:3)
  4 orc wizards (D:3)
  3 worker ants
  A killer bee zombie (D:7)
  A hound skeleton (D:7)
  12 adders
  7 gnolls
  An ooze (D:3)
  3 worms
  5 leopard geckos
  21 orcs
  3 giant cockroaches
  10 goblins
  6 hobgoblins
  3 quokkas
  13 bats
  5 frilled lizards
  9 kobolds
  A leopard gecko skeleton (D:6)
  A leopard gecko zombie (D:5)
  8 rats
153 creatures vanquished.

Notes
Turn   | Place    | Note
-------+----------+-------------------------------------------
     0 | D:1      | Mellonil the Troll Wizard began the quest for the Orb.
     0 | D:1      | Reached XP level 1. HP: 16/16 MP: 2/2
   161 | D:1      | Reached skill level 1 in Unarmed Combat
   291 | D:1      | Reached XP level 2. HP: 14/26 MP: 4/4
   557 | D:1      | Reached skill level 1 in Fighting
   787 | D:1      | Reached XP level 3. HP: 28/33 MP: 5/5
   845 | D:2      | Reached skill level 2 in Unarmed Combat
   991 | D:2      | Reached XP level 4. HP: 41/41 MP: 6/6
  1393 | D:2      | Reached skill level 3 in Unarmed Combat
  1651 | D:3      | Reached XP level 5. HP: 44/49 MP: 7/7
  2020 | D:3      | Noticed Natasha
  2061 | D:3      | Killed Natasha
  2061 | D:3      | Reached skill level 4 in Unarmed Combat
  2294 | D:3      | Noticed Natasha
  2346 | D:3      | Killed Natasha
  2346 | D:3      | Reached XP level 6. HP: 44/57 MP: 8/8
  2564 | D:3      | Noticed Natasha
  2577 | D:3      | Killed Natasha
  2598 | D:4      | Found Jobuis's Elemental Accessories.
  2805 | D:4      | Noticed dscm's ghost (amateur GrGl)
  3276 | D:4      | Found Kirif's Antique Armour Shop.
  3296 | D:4      | Bought an ominously black robe for 136 gold pieces
  3307 | D:4      | Identified the cursed +1 robe "Atogh" {Int+2} (You bought it in a shop on level 4 of the Dungeon)
  3555 | D:4      | Reached skill level 5 in Unarmed Combat
  3598 | D:5      | Entered Level 5 of the Dungeon
  3621 | D:5      | Noticed a sky beast
  3638 | D:5      | Killed a sky beast
  3638 | D:5      | Reached XP level 7. HP: 24/66 MP: 9/9
  4315 | D:6      | Reached skill level 6 in Unarmed Combat
  4494 | D:6      | Reached XP level 8. HP: 62/75 MP: 10/10
  5239 | D:7      | Reached skill level 7 in Unarmed Combat
  5637 | D:7      | Found a staircase to the Ecumenical Temple.
  5683 | D:7      | Reached skill level 8 in Unarmed Combat
  5686 | Temple   | Entered the Ecumenical Temple
  5734 | Temple   | Became a worshipper of Warmaster Okawaru
  5873 | D:7      | Learned a level 2 spell: Blink
  5967 | D:7      | Reached skill level 5 in Dodging
  5969 | D:7      | Reached XP level 9. HP: 71/85 MP: 11/11
  6430 | D:7      | Reached * piety under Okawaru
  6587 | D:8      | HP: 3/87 [killer bee (3)]
  6587 | D:8      | Slain by a killer bee

Skill      XL: |  1  2  3  4  5  6  7  8 |
---------------+-------------------------+-----
Unarmed Combat | 1 2 3 4 5 6 8 |  8.8
Fighting       | 1 2 3 4 |  4.9
Dodging        | 2 3 4 5 |  5.3
Stealth        | |  1.0
Spellcasting   | |  2.0
Conjurations   | |  0.6
Summonings     | |  0.6
Translocations | |  0.6

Action                   |  1- 3 |  4- 6 |  7- 9 || total
-------------------------+-------+-------+-------++-------
Melee: Unarmed           |   112 |   223 |   238 ||   573
       Punch             |     1 |     5 |     4 ||    10
       Falchion          |       |    29 |       ||    29
Throw: Stone             |       |       |     2 ||     2
 Cast: Blink             |       |       |     1 ||     1
  Use: Scroll            |       |    10 |     5 ||    15
       Potion            |       |     2 |     2 ||     4
 Stab: Sleeping          |     2 |       |     2 ||     4
  Eat: Chunk             |    14 |    19 |    23 ||    56
       Royal jelly       |       |       |     3 ||     3
Armor: Robe              |    53 |    51 |    68 ||   172
Dodge: Dodged            |    76 |   108 |   157 ||   341
       Rpst.: Falchion   |       |     2 |       ||     2
